 Dungeon Crawl Stone Soup version 0.32-a0-996-gb3226c2 (webtiles) character file.

Game seed: 4734907835747284379

90267 Coo1 the Zephyrmancer (level 15, -1/115 HPs)
             Began as a Demonspawn Fire Elementalist on Apr 22, 2024.
             Was a High Priest of Vehumet.
             Slain by an alligator (5 damage)
             ... on level 1 of the Swamp on Apr 23, 2024.
             The game lasted 01:19:09 (34056 turns).

Coo1 the Zephyrmancer (DsFE)                       Turns: 34056, Time: 01:19:10

Health: -1/115     AC: 11    Str:  9    XL:     15   Next: 51%
Magic:  13/30      EV: 18    Int: 21    God:    Vehumet [*****.]
Gold:   2050       SH:  5    Dex: 15    Spells: 12/36 levels left

rFire   . . .        c - staff of conjuration
rCold   . . .        O - +0 buckler
rNeg    . . .        K - +3 troll leather armour
rPois   +            (helmet restricted)
rElec   .            y - +0 cloak
rCorr   .            (no gloves)
SInv    .            r - +0 pair of boots
Will    +....        l - amulet of the acrobat
Stlth   +            p - ring of poison resistance
HPRegen 1.19/turn    z - +5 ring of evasion
MPRegen 0.22/turn

%: acrobat
@: about to teleport, very slow
A: antennae 2, rugged brown scales 3, demonic guardian 2, foul stench 1,
bedeviling
a: Renounce Religion


You were on level 1 of the Swamp.
You worshipped Vehumet.
Vehumet was extremely pleased with you.
You visited 5 branches of the dungeon, and saw 24 of its levels.
You also visited: Gauntlet.

You collected 2626 gold pieces.
You spent 576 gold pieces at shops.

Inventory:

Missiles
 F - a throwing net
Armour
 r - a +0 pair of boots (worn)
 y - a +0 cloak (worn)
 K - a +3 troll leather armour (worn)
 O - a +0 buckler (worn)
Magical Staves
 c - a staff of conjuration (weapon)
Jewellery
 l - an amulet of the acrobat (around neck)
 p - a ring of poison resistance (left hand)
 z - a +5 ring of evasion (right hand)
 D - a ring of wizardry
 J - a ring of fire
 L - a +4 ring of protection
 P - a +6 ring of strength
 Q - the amulet "Rekaggi" {Faith Harm Dex+2}
   (You found it in a Gauntlet)

   [amulet of faith]

   Faith:     It allows you to gain divine favour quickly.
   Dex+2:     It affects your dexterity (+2).
   Harm:      It increases damage dealt and taken.
Wands
 a - a wand of charming (25)
 b - a wand of polymorph (16)
 s - a wand of warping (9)
 u - a wand of flame (103)
 I - a wand of mindburst (9)
 N - a wand of light (9)
Scrolls
 k - a scroll of blinking {unknown}
 m - 4 scrolls of teleportation
 n - a scroll of acquirement {unknown}
 x - 5 scrolls of immolation
 A - 2 scrolls of revelation
 B - a scroll of amnesia
 G - 5 scrolls of fog
 H - a scroll of noise {unknown}
 T - 3 scrolls of vulnerability
 V - a scroll of silence {unknown}
 W - a scroll of enchant armour
Potions
 d - 3 potions of haste
 e - 4 potions of resistance
 f - 9 potions of curing
 h - 3 potions of lignification
 j - 8 potions of attraction
 o - 4 potions of brilliance
 q - a potion of cancellation {unknown}
 t - a potion of ambrosia
 C - 2 potions of mutation
 E - a potion of heal wounds
 U - 2 potions of magic


   Skills:
 + Level 7.2 Fighting
 - Level 4.0 Armour
 + Level 7.2 Dodging
 - Level 1.7 Stealth
 - Level 4.0 Shields
 + Level 11.3 Spellcasting
 - Level 7.0 Conjurations
 + Level 12.1 Fire Magic
 - Level 7.0 Ice Magic
 + Level 12.1 Air Magic
 - Level 7.0 Earth Magic
 - Level 5.0 Alchemy


You had 12 spell levels left.
You knew the following spells:

 Your Spells              Type           Power      Damage    Failure   Level
a - Irradiate             Conj/Alch      26%        3d20      7%          5
b - Scorch                Fire           100%       2d9       1%          2
c - Stone Arrow           Conj/Erth      100%       3d13      1%          3
d - Frozen Ramparts       Ice            82%        1d13      1%          3
e - Freezing Cloud        Conj/Ice/Air   32%        6-21      2%          5
f - Plasma Beam           Fire/Air       29%        2x1d41    3%          6

Your spell library contained the following spells:

 Spells                   Type           Power      Damage    Failure   Level
 Lee's Rapid Deconstruct  Erth           20%        3d12*     5%          5
 Foxfire                  Conj/Fire      100%       2x1d9     1%          1
 Freeze                   Ice            100%       1d10      1%          1
 Sandblast                Erth           82%        2d17      1%          1
 Cigotuvi's Dreadful Rot  Necr/Alch/Air  70%        N/A       1%          2
 Hailstorm                Conj/Ice       58%        3d11      1%          3
 Inner Flame              Hex/Fire       54%        N/A       1%          3
 Passwall                 Erth           41%        N/A       1%          3
 Volatile Blastmotes      Fire/Tloc      74%        2d16      1%          3
 Flame Wave               Conj/Fire      67%        2d15      1%          4
 Ignite Poison            Fire/Alch      47%        N/A       1%          4
 Iskenderun's Battlesphe  Conj           58%        2d11      5%          5
 Starburst                Conj/Fire      33%        6d10      10%         6
 Bombard                  Conj/Erth      29%        9d5       24%         6
 Sigil of Binding         Hex            17%        N/A       34%         3
 Anguish                  Hex/Necr       8%         N/A       75%         4
 Cause Fear               Hex            8%         N/A       75%         4
 Dispel Undead            Necr           11%        3d9       75%         4
 Martyr's Knell           Necr/Summ      11%        N/A       75%         4
 Spellforged Servitor     Conj/Summ      19%        N/A       99%         7
 Enfeeble                 Hex            8%         N/A       100%        7


Dungeon Overview and Level Annotations

Branches:
Dungeon (15/15) Zot: 26573  Temple (1/1) D:7 Zot: 5975    Lair (5/5) D:11 Zot: 19961
  Swamp (1/4) Lair:3 Zot: 5861  Spider (0/4) Lair:3        Slime (0/5) Lair:5
    Orc (2/2) D:12 Zot: 9203     Elf (0/3) Orc:2       Gauntlet (visited)
 Vaults: D:13-14     Depths: D:15

Altars:
Ashenzari
Cheibriados
Dithmenos
Fedhas
Gozag
Hepliaklqana
Kikubaaqudgha
Makhleb
Nemelex Xobeh
Okawaru
Qazlal
Ru
Sif Muna
Trog
Uskayaw
Vehumet
Wu Jian
Xom
Yredelemnul
Jiyva

Shops:
D:4 !   D:9 !   Orc:2 :((*

Portals:
Trove: D:11 (give +4 ice dragon scales)

Annotations:
D:13 Frances
Lair:5 5 runed translucent doors, bochi's ghost, journeyman OnIE
Orc:1 4 transporters


Innate Abilities, Weirdness & Mutations

You have a pair of antennae on your head.
You are completely covered in rugged brown scales. (AC +3, +7% HP)
A demonic guardian rushes to your aid.
You may rarely emit foul miasma when damaged in melee.
Your hexes are more powerful.


Message History

The bog body is destroyed!
Vehumet accepts your kill.
You escape the roots' grasp.
The shambling mangrove hits your butterfly!!
Your butterfly dies!
Your butterfly disappears in a burst of colours!
The spriggan rider barely misses your butterfly.
You swap places.
Your surroundings suddenly seem different.
Splash!
You fall into the shallow water.
Moving in this stuff is going to be slow.
A thorn hunter, 2 alligators and a swamp dragon come into view.
The swamp dragon roars deafeningly!
The alligator completely misses you. x2
As you read the scroll of teleportation, it crumbles to dust.
You feel strangely unstable.
A vampire mosquito comes into view.
The alligator tail-slaps you!
* * * LOW HITPOINT WARNING * * *
The alligator bites you but does no damage.
The alligator tail-slaps you but does no damage.
The alligator bites you!
* * * LOW HITPOINT WARNING * * *
The alligator drags you backwards!
You emit a cloud of foul miasma!
The alligator is engulfed in dark miasma.
The alligator is poisoned.
The alligator barely misses you. The alligator misses you.
The alligator barely misses you. The alligator bites you!
* * * LOW HITPOINT WARNING * * *
The alligator drags you backwards!
Splash!
Okay, then.
Unknown command.
You feel much better.
The thorn hunter fires a volley of thorns at you.
The volley of thorns hits you!!
* * * LOW HITPOINT WARNING * * *
The alligator tail-slaps you.
You die...

....... y~. ~.
~.~.~~.♣.~~♣♣.♣
...~..~y♣...~.~
~..f...~.~.§..♣
.♣~~~......♣~♣.
~...~...♣~.~♣~.
~~...~~..~~..~~
.♣~....~...~...
♣..~.~l@D.♣.♣..
♣♣~♣♣....l~~.♣
♣♣.~.♣♣.♣..
♣♣~.♣ .♣ ♣.~. ♣
♣♣.♣. ♣♣♣


You could see a thorn hunter, a swamp dragon, 2 alligators and a vampire
mosquito.

Vanquished Creatures
  An orc warlord (Orc:1)
  A minotaur (Gauntlet)
  2 bunyips (Swamp:1)
  Josephine (D:14)
  An ettin (Orc:2)
  5 hydras
  2 ogre magi (Orc:2)
  14 two-headed ogres
  5 boulder beetles
  A centaur warrior (D:14)
  A tengu warrior (D:14)
  6 death yaks (Lair:1)
  A spriggan (Swamp:1)
  2 deep trolls (Orc:2)
  2 goliath frogs (Swamp:1)
  Lodul (D:11)
  A lindwurm (Lair:5)
  An orc knight (Orc:1)
  2 deep elf pyromancers
  3 cyclopes
  Maurice (Orc:1)
  An orc sorcerer (Orc:2)
  A worldbinder (Gauntlet)
  5 manticores
  6 ugly things (D:14)
  11 elephants
  An ice statue (D:14)
  2 kobold blastminers (Orc:2)
  10 black mambas
  3 molten gargoyles (Lair:5)
  A gargoyle (D:12)
  An orange demon (Orc:1)
  8 cane toads
  4 rime drakes
  11 komodo dragons
  13 trolls
  2 jumping spiders (Lair:3)
  2 tyrant leeches
  4 polar bears
  Prince Ribbit (D:8)
  3 hornets
  21 blink frogs
  5 slime creatures
  Sigmund (D:4)
  5 shadows
  2 vampires (D:11)
  A wraith (D:12)
  30 yaks
  7 wyverns
  7 basilisks (Lair:5)
  3 redbacks (Lair:3)
  Grum (D:11)
  4 wargs
  5 steam dragons
  14 vampire mosquitoes
  A neqoxec (Gauntlet)
  A chaos spawn (Gauntlet)
  4 swamp worms
  2 acid dragons
  5 hell hounds (Lair:5)
  12 water moccasins
  Duvessa (D:4)
  16 orc warriors
  2 black bears
  A laughing skull (D:13)
  28 ogres
  2 boggarts (Gauntlet)
  30 wolves
  8 centaurs
  A phantom (D:5)
  2 kobold brigands
  6 bullfrogs
  2 gnoll sergeants
  4 scorpions
  14 wights
  Dowan (D:4)
  12 killer bees
  2 electric eels
  8 howler monkeys
  5 lava snakes (Lair:5)
  6 hounds
  A jelly (D:7)
  A bombardier beetle (D:2)
  15 orc priests
  6 gnoll boudas
  A sleepcap (D:4)
  Ijyb (D:5)
  Natasha (thrice) (D:3)
  8 iguanas
  18 orc wizards
  The ghost of EngineV8 the Sneak, a weakling CoDe (D:3)
  Robin (D:3)
  35 gnolls
  7 adders
  3 hound simulacra (D:3)
  2 white imps
  3 ufetubi
  4 dart slugs
  An adder simulacrum (D:3)
  105 orcs
  8 bats
  2 endoplasms
  3 giant cockroaches
  13 goblins
  9 hobgoblins
  15 jackals
  11 kobolds
  5 quokkas
  5 ball pythons
  A ball python simulacrum (D:3)
  A frilled lizard (D:2)
  6 rats
721 creatures vanquished.

Vanquished Creatures (collateral kills)
  A bog body (Swamp:1)
  A manticore (D:11)
  An ugly thing (D:12)
  An orc sorcerer (Orc:2)
  An orange demon (Orc:1)
  A troll (Orc:1)
  A slime creature (D:12)
  5 yaks
  A warg (Orc:1)
  2 orc warriors
  A wolf (Lair:5)
  A bullfrog (D:7)
  2 orc priests (Orc:1)
  An iguana (D:7)
  An orc wizard (D:8)
  A white imp (D:7)
  7 orcs
29 creatures vanquished.

Vanquished Creatures (others)
  An orc wizard (Orc:2)
  An ufetubus (D:5)
  95 foxfires
97 creatures vanquished.

Grand Total: 847 creatures vanquished

Notes
Turn   | Place    | Note
-------+----------+-------------------------------------------
     0 | D:1      | Coo1 the Demonspawn Fire Elementalist began the quest for
                  | the Orb.
     0 | D:1      | Reached XP level 1. HP: 13/13 MP: 3/3
   243 | D:1      | Gained mutation: You are partially covered in rugged brown
                  | scales. (AC +1, +3% HP) [demonic ancestry]
   243 | D:1      | Reached XP level 2. HP: 13/19 MP: 1/5
   343 | D:1      | Learned a level 2 spell: Scorch
  1204 | D:2      | Noticed a bombardier beetle
  1536 | D:2      | Killed a bombardier beetle
  1537 | D:2      | Reached XP level 3. HP: 24/24 MP: 1/6
  1822 | D:3      | Noticed Robin
  1834 | D:3      | Gained mutation: You are mostly covered in rugged brown
                  | scales. (AC +2, +5% HP) [demonic ancestry]
  1834 | D:3      | Reached XP level 4. HP: 24/31 MP: 2/7
  2063 | D:3      | Killed Robin
  2064 | D:3      | Reached skill level 5 in Fire Magic
  2271 | D:3      | Gained mutation: You have a pair of small antennae on your
                  | head. [demonic ancestry]
  2271 | D:3      | Reached XP level 5. HP: 36/36 MP: 5/8
  2425 | D:3      | Found a runed translucent gate.
  2425 | D:3      | Found a runed translucent gate.
  2425 | D:3      | Found a runed translucent gate.
  2634 | D:3      | Noticed EngineV8's ghost (weakling CoDe)
  3569 | D:4      | Noticed Natasha
  3631 | D:3      | Killed Natasha
  3632 | D:3      | Gained mutation: You have a pair of antennae on your head.
                  | [demonic ancestry]
  3632 | D:3      | Reached XP level 6. HP: 41/43 MP: 0/9
  4314 | D:3      | Reached skill level 1 in Earth Magic
  4333 | D:3      | Learned a level 3 spell: Stone Arrow
  4589 | D:4      | Noticed Duvessa
  4589 | D:4      | Noticed Dowan
  4628 | D:4      | Found Biadaacsoa's Distillery.
  4636 | D:4      | Bought a potion of curing for 36 gold pieces
  4636 | D:4      | Bought a potion of brilliance for 48 gold pieces
  4636 | D:4      | Bought 2 potions of brilliance for 96 gold pieces
  4687 | D:4      | Noticed Sigmund
  4773 | D:4      | Killed Sigmund
  4774 | D:4      | Gained mutation: A weak demonic guardian rushes to your
                  | aid. [demonic ancestry]
  4774 | D:4      | Reached XP level 7. HP: 40/48 MP: 1/11
  4983 | D:5      | Entered Level 5 of the Dungeon
  5269 | D:5      | Noticed Ijyb
  5320 | D:5      | Killed Ijyb
  6157 | D:5      | Gained mutation: A demonic guardian rushes to your aid.
                  | [demonic ancestry]
  6157 | D:5      | Reached XP level 8. HP: 50/54 MP: 6/13
  6270 | D:5      | Found a hazy altar of Hepliaklqana.
  6270 | D:5      | Found a shimmering altar of Xom.
  6278 | D:5      | Found a sparkling altar of Nemelex Xobeh.
  6313 | D:5      | Found a shimmering blue altar of Sif Muna.
  6474 | D:6      | Identified the +5 dagger of the Evening {drain, Int+2
                  | Dex+3}
  7158 | D:4      | Killed Duvessa
  7213 | D:5      | Reached skill level 5 in Conjurations
  7306 | D:4      | Killed Dowan
  8112 | D:7      | Found a staircase to the Ecumenical Temple.
  8122 | D:7      | Reached skill level 1 in Ice Magic
  8178 | D:7      | Reached skill level 5 in Earth Magic
  8180 | Temple   | Entered the Ecumenical Temple
  8192 | Temple   | Became a worshipper of Vehumet
  8448 | D:7      | Reached XP level 9. HP: 59/59 MP: 8/15
  8939 | D:7      | Learned a level 3 spell: Frozen Ramparts
  9015 | D:7      | Reached * piety under Vehumet
  9015 | D:7      | Offered knowledge of Sting by Vehumet.
 10084 | D:8      | Reached ** piety under Vehumet
 10087 | D:8      | Offered knowledge of Momentum Strike by Vehumet.
 10088 | D:8      | Gained mutation: You may rarely emit foul miasma when
                  | damaged in melee. [demonic ancestry]
 10088 | D:8      | Reached XP level 10. HP: 28/66 MP: 13/17
 10145 | D:8      | Reached skill level 5 in Spellcasting
 10333 | D:8      | Noticed Prince Ribbit
 10346 | D:8      | Killed Prince Ribbit
 10347 | D:8      | Reached skill level 5 in Ice Magic
 11025 | D:8      | Learned a level 5 spell: Freezing Cloud
 11074 | D:9      | Identified the +6 long sword of Causality {protect, +Blink
                  | Will+}
 11416 | D:9      | Reached skill level 1 in Fighting
 11416 | D:9      | Reached skill level 1 in Air Magic
 11601 | D:9      | Noticed a two-headed ogre
 11607 | D:9      | Killed a two-headed ogre
 11823 | D:9      | Found Minkitek's Distillery.
 11853 | D:9      | Offered knowledge of Static Discharge by Vehumet.
 12247 | D:10     | Entered Level 10 of the Dungeon
 12418 | D:10     | Reached *** piety under Vehumet
 12822 | D:10     | Found a blossoming altar of Fedhas.
 12889 | D:10     | Offered knowledge of Brom's Barrelling Boulder by Vehumet.
 13710 | D:11     | Reached XP level 11. HP: 69/78 MP: 8/20
 13877 | D:11     | Noticed Lodul
 13881 | D:11     | Killed Lodul
 14131 | D:11     | Found a portal to a secret trove of treasure.
 14174 | D:11     | Noticed Grum
 14178 | D:11     | Killed Grum
 14487 | D:11     | Reached **** piety under Vehumet
 14488 | D:11     | Offered knowledge of Sticky Flame by Vehumet.
 14501 | D:11     | Learned a level 6 spell: Plasma Beam
 14551 | D:11     | Found a staircase to the Lair.
 14586 | D:11     | Noticed a two-headed ogre
 14594 | D:11     | Killed a two-headed ogre
 14595 | D:11     | Reached skill level 5 in Air Magic
 15525 | D:3      | Noticed Natasha
 15527 | D:3      | Killed Natasha
 15549 | D:3      | Noticed Natasha
 15555 | D:3      | Killed Natasha
 16379 | D:3      | Killed EngineV8's ghost
 16616 | Lair:1   | Entered Level 1 of the Lair of Beasts
 16698 | Lair:1   | Reached ***** piety under Vehumet
 17104 | Lair:1   | Noticed a death yak
 17104 | Lair:1   | Noticed a death yak
 17128 | Lair:1   | Noticed a boulder beetle
 17211 | Lair:1   | Killed a boulder beetle
 17396 | Lair:1   | Offered knowledge of Airstrike by Vehumet.
 17436 | Lair:1   | Noticed a death yak
 17436 | Lair:1   | Noticed a death yak
 17438 | Lair:1   | Noticed a death yak
 17460 | Lair:1   | Killed a death yak
 17461 | Lair:1   | Gained mutation: You are completely covered in rugged brown
                  | scales. (AC +3, +7% HP) [demonic ancestry]
 17461 | Lair:1   | Reached XP level 12. HP: 80/88 MP: 4/22
 17590 | Lair:1   | Noticed a death yak
 17611 | Lair:1   | Killed a death yak
 17612 | Lair:1   | Reached skill level 5 in Dodging
 17613 | Lair:1   | Killed a death yak
 17637 | Lair:1   | Killed a death yak
 17696 | Lair:1   | Killed a death yak
 17787 | Lair:1   | Killed a death yak
 19388 | Lair:2   | Identified the +5 short sword of Impish Innocence {flame,
                  | rCorr Str+5}
 20089 | Lair:3   | Reached skill level 5 in Fighting
 20573 | Lair:3   | Gained mutation: Your hexes are more powerful. [demonic
                  | ancestry]
 20573 | Lair:3   | Reached XP level 13. HP: 97/97 MP: 9/24
 20890 | Lair:3   | Found a hole to the Spider Nest.
 21366 | Lair:3   | Found a staircase to the Swamp.
 21520 | Lair:4   | Found a gate leading to a gauntlet.
 21529 | Gauntlet | Entered a Gauntlet
 21529 | Gauntlet | Found a transporter.
 21529 | Gauntlet | Found a transporter.
 21533 | Gauntlet | Found a transporter.
 21533 | Gauntlet | Found a transporter.
 21542 | Gauntlet | Found a transporter.
 21561 | Gauntlet | Found a transporter.
 21561 | Gauntlet | Found a transporter.
 21571 | Gauntlet | Found a transporter.
 21571 | Gauntlet | Found a transporter.
 21575 | Gauntlet | Found a transporter.
 21609 | Gauntlet | Found a transporter.
 21661 | Gauntlet | Found a transporter.
 21679 | Gauntlet | Found a transporter.
 21767 | Gauntlet | Found a transporter.
 21777 | Gauntlet | Found a transporter.
 21791 | Gauntlet | Found a transporter.
 22138 | Gauntlet | Identified the amulet "Rekaggi" {Faith Harm Dex+2}
 22215 | Gauntlet | Identified the +0 pair of gloves of Submission {Int-2 Dex+6
                  | Stlth+}
 22337 | Gauntlet | Identified the +5 arbalest of the Inquisitive Hells {speed,
                  | Str+3}
 22337 | Gauntlet | Noticed a minotaur
 22339 | Gauntlet | Killed a minotaur
 22963 | Lair:4   | Reached skill level 10 in Fire Magic
 23111 | Lair:4   | Reached skill level 10 in Air Magic
 23851 | Lair:5   | Entered Level 5 of the Lair of Beasts
 23851 | Lair:5   | Noticed an acid blob
 23851 | Lair:5   | Noticed an acid blob
 23851 | Lair:5   | Found a runed translucent gate.
 23851 | Lair:5   | Found a runed translucent gate.
 23851 | Lair:5   | Found a runed translucent gate.
 23963 | Lair:5   | Found a staircase to the Slime Pits.
 23963 | Lair:5   | Found a viscous altar of Jiyva.
 24997 | Lair:5   | Identified the +6 falchion "Worm's Wrath" {venom, Dex+6}
 25278 | Lair:5   | Offered knowledge of Orb of Destruction by Vehumet.
 25307 | Lair:5   | Reached XP level 14. HP: 110/110 MP: 6/27
 25775 | Lair:5   | Noticed an azure jelly
 25776 | Lair:5   | Noticed an azure jelly
 25777 | Lair:5   | Noticed an azure jelly
 25777 | Lair:5   | Noticed bochi's ghost (journeyman OnIE)
 25778 | Lair:5   | Noticed an acid blob
 25779 | Lair:5   | Noticed an acid blob
 25779 | Lair:5   | Noticed an acid blob
 26184 | Lair:5   | Found a large runed translucent door.
 26421 | Lair:5   | Found a large runed translucent door.
 26593 | Lair:5   | Reached skill level 1 in Shields
 26881 | Lair:5   | Noticed a rockslime
 26881 | Lair:5   | Noticed an azure jelly
 26882 | Lair:5   | Found a viscous altar of Jiyva.
 26882 | Lair:5   | Noticed an acid blob
 27033 | D:12     | Reached skill level 1 in Armour
 27408 | D:12     | Found a staircase to the Orcish Mines.
 28553 | D:12     | Offered knowledge of Irradiate by Vehumet.
 28560 | D:12     | Learned a level 5 spell: Irradiate
 28886 | D:13     | Noticed Frances
 28939 | Orc:1    | Entered Level 1 of the Orcish Mines
 29077 | Orc:1    | Found a transporter.
 29102 | Orc:1    | Found a transporter.
 29140 | Orc:1    | Found an ornate altar of the Wu Jian Council.
 29140 | Orc:1    | Noticed an orc warlord
 29400 | Orc:1    | Noticed an orc warlord
 29414 | Orc:1    | Killed an orc warlord
 29433 | Orc:1    | Reached skill level 1 in Alchemy
 29776 | Orc:1    | Found an ornate altar of the Wu Jian Council.
 29777 | Orc:1    | Found a transporter.
 29900 | Orc:1    | Found a transporter.
 29978 | Orc:2    | Entered Level 2 of the Orcish Mines
 30111 | Orc:2    | Found a staircase to the Elven Halls.
 30126 | Orc:2    | Noticed Maurice
 30152 | Orc:1    | Killed Maurice
 30659 | Orc:2    | Found Immecw's Book Shoppe.
 31003 | Orc:2    | Reached skill level 10 in Spellcasting
 31047 | Orc:2    | Reached XP level 15. HP: 77/115 MP: 8/29
 31177 | Orc:2    | Paralysed by something for 3 turns
 31243 | Orc:2    | Paralysed by an orc sorcerer for 5 turns
 31332 | Orc:2    | Found Osuaxi's Antique Weapon Shop.
 31463 | Orc:2    | Found Fayguif's Weapon Boutique.
 31464 | Orc:2    | Found Entumnew's Assorted Antiques.
 31481 | Orc:2    | Bought a potion of magic for 288 gold pieces
 31481 | Orc:2    | Bought a potion of curing for 108 gold pieces
 31964 | D:14     | Offered knowledge of Lee's Rapid Deconstruction by Vehumet.
 32134 | D:14     | Reached ****** piety under Vehumet
 33014 | D:15     | Entered Level 15 of the Dungeon
 33017 | D:15     | Noticed Josephine
 33089 | D:14     | Killed Josephine
 33202 | D:14     | Reached skill level 5 in Alchemy
 33554 | Swamp:1  | Entered Level 1 of the Swamp
 34054 | Swamp:1  | Noticed a thorn hunter
 34055 | Swamp:1  | HP: 3/115 [alligator (7)]
 34056 | Swamp:1  | Slain by an alligator

Illustrated notes

Levels and vault maps discovered:
D:1:      denvon_arrival_planthouse, layout_loops_ring
D:2:      layout_basic, wander_ebering_terrifying_dragon_lair
D:3:      lemuel_castle_with_subvaults [lemuel_castle_interior_carwin_2],
          layout_basic, gammafunk_ghost_icy, minmay_cut_off, uniq_robin
D:4:      layout_basic, serial_shops, shop, uniq_sigmund, uniq_natasha,
          uniq_duvessa
D:5:      layout_rooms, chequers_temple_overflow_minitemple, uniq_ijyb
D:6:      layout_rooms
D:7:      layout_loops_ring, temple_fountains
D:8:      nicolae_hitomezashi [nicolae_hito_row, nicolae_hito_row,
          nicolae_hito_row, nicolae_hito_row, nicolae_hito_row,
          nicolae_hito_row, nicolae_hito_row, nicolae_hito_row,
          nicolae_hito_row, nicolae_hito_row, nicolae_hito_row,
          nicolae_hito_row, nicolae_hito_row, nicolae_hito_row,
          nicolae_hito_row, nicolae_hito_row, nicolae_hito_row,
          nicolae_hito_row], layout_basic, uniq_prince_ribbit1
D:9:      layout_irregular_city, serial_shops, nicolae_shop_window_shopping
D:10:     layout_roguey [special_room_orc], fedhas_ov_isle_minmay,
          nrook_campfire
D:11:     layout_loops_corners, lair_entry_dummy, nicolae_trove_entry_crystal,
          uniq_lodul, uniq_grum
D:12:     layout_irregular_city, david_orc_2, kennysheep_generic_room_12
D:13:     minmay_the_grid_triangle_9x9_recursive_3_mashed
          [minmay_the_grid_triangle_9x9_fully_insulated_deathbox,
          minmay_the_grid_triangle_9x9_sprig,
          minmay_the_grid_triangle_9x9_semitri,
          minmay_the_grid_triangle_9x9_prize_special,
          minmay_the_grid_triangle_9x9_wacky_v,
          minmay_the_grid_triangle_9x9_thin_v,
          minmay_the_grid_triangle_9x9_stretched_checkered,
          minmay_the_grid_triangle_9x9_corrupted_corridor,
          minmay_the_grid_triangle_9x9_flanged_cone], layout_irregular_city,
          grunt_vaults_entry_tiered, minmay_misc_feat_rugged, jiyva_altar_1,
          uniq_frances
D:14:     lemuel_ice_statue, layout_irregular_city
D:15:     gammafunk_enter_depths_forms, layout_cave_pools, lemuel_round_altar,
          uniq_josephine, uniq_azrael, uniq_agnes
Temple:   nicolae_temple_superstar
Lair:1:   layout_loops_ring, wad_woods_road_06
Lair:2:   layout_gridlike, lemuel_fruit_tree, lemuel_fruit_fields
Lair:3:   layout_cave_pods, minmay_swamp_entry_worms, spider_nest_entry_a,
          grunt_megastairs_1
Lair:4:   layout_small_grid, gauntlet_entry_generic,
          nicolae_quartered_pool_medium, wad_woods_river_01
Lair:5:   cheibrodos_lair_end_hotspot, layout_gridlike, slime_entry_1,
          gammafunk_ghost_ooze
Swamp:1:  layout_basic_swamp, serial_swamp_ruin, evilmike_swamp_ruin_rubble_1,
          evilmike_swamp_ruin_rubble_2, infiniplex_staircase_pool
Orc:1:    dreamdust_wu_jian_sword_trials, layout_caves,
          einodemon_barbed_minivault
Orc:2:    st_orc_open, layout_caves, uniq_maurice

Skill      XL: |  1  2  3  4  5  6  7  8  9 10 11 12 13 14 15 |
---------------+----------------------------------------------+-----
Fire Magic     | 3 4 5 6 7 9 10 11 12 | 12.1
Earth Magic    | 1 2 5 6 7 |  7.0
Conjurations   | 2 3 5 7 |  7.0
Spellcasting   | 3 4 6 7 9 10 11 | 11.3
Ice Magic      | 1 4 6 7 |  7.0
Dodging        | 3 4 5 7 |  7.2
Fighting       | 3 4 5 7 |  7.2
Air Magic      | 3 7 9 10 11 12 | 12.1
Shields        | 4 |  4.0
Armour         | 3 4 |  4.0
Alchemy        | 3 5 |  5.0
Stealth        | |  1.7

Action                     |  1- 3 |  4- 6 |  7- 9 | 10-12 | 13-15 || total
---------------------------+-------+-------+-------+-------+-------++-------
  Melee: Staff             |    26 |    80 |    88 |   106 |   124 ||   424
   Cast: Foxfire           |    14 |    30 |    10 |       |       ||    54
         Scorch            |    17 |    67 |    60 |     1 |     1 ||   146
         Stone Arrow       |       |       |    98 |   216 |   192 ||   506
         Frozen Ramparts   |       |       |     8 |    57 |    71 ||   136
         Freezing Cloud    |       |       |       |    38 |    76 ||   114
         Plasma Beam       |       |       |       |    11 |   122 ||   133
         Irradiate         |       |       |       |       |     3 ||     3
  Evoke: Wand              |       |       |       |     2 |       ||     2
    Use: Scroll            |       |     6 |     4 |    12 |    11 ||    33
         Potion            |       |     2 |     1 |       |     6 ||     9
   Stab: Sleeping          |     3 |       |       |       |       ||     3
 Armour: Robe              |    34 |    18 |       |       |       ||    52
         Animal skin       |       |   101 |    31 |       |       ||   132
         Leather armour    |       |       |   137 |    41 |       ||   178
         Acid dragon scale |       |       |       |     7 |       ||     7
         Troll leather arm |       |       |       |    66 |   225 ||   291
  Dodge: Dodged            |    20 |   129 |   176 |   186 |   351 ||   862
  Block: Buckler           |       |       |       |       |    60 ||    60

Table legend: (Time is in decaauts)
 A = Elapsed time spent in this place.
 B = Non-inter-level travel time spent in this place.
 C = Inter-level travel time spent in this place.
 D = Time resting spent in this place.
 E = Time spent auto-exploring this place.
 F = Levels seen in this place.
 G = Mean time per level.
                   A        B        C        D        E       F      G
               +--------+--------+--------+--------+--------+-----+--------+
         Total |  34255 |  32477 |   1778 |   6368 |  20203 |  25 | 1370.2 |
       Dungeon |  20442 |  19266 |   1176 |   3500 |  12450 |  15 | 1362.8 |
        Temple |     24 |      2 |     22 |      0 |      0 |   1 |   24.0 |
          Lair |  10038 |   9520 |    518 |   1750 |   6149 |   5 | 2007.6 |
         Swamp |    137 |    137 |      0 |      0 |     50 |   1 |  137.0 |
  Orcish Mines |   2797 |   2736 |     61 |    842 |   1287 |   2 | 1398.5 |
      Gauntlet |    815 |    815 |      0 |    276 |    266 |   1 |  815.0 |
               +--------+--------+--------+--------+--------+-----+--------+

Top non-repeatable levels by time:
     D:3: 2571 daAuts
  Lair:5: 2474 daAuts
  Lair:3: 2402 daAuts
    D:11: 2191 daAuts
  Lair:1: 1982 daAuts
  Lair:4: 1913 daAuts
     D:4: 1779 daAuts
     D:5: 1645 daAuts
    D:12: 1620 daAuts
   Orc:1: 1542 daAuts
    D:10: 1517 daAuts
     D:7: 1507 daAuts
    D:14: 1407 daAuts
     D:8: 1406 daAuts
     D:2: 1288 daAuts
